 Dungeon Crawl Stone Soup version 0.31.0-11-ge490571c62 (webtiles) character file.

Game seed: 7740204149163053350

184 hawla the Scratcher (level 5, -2/25 HPs)
             Began as a Felid Shapeshifter on Jan 27, 2024.
             Was a Follower of Makhleb.
             Killed from afar by an acid dragon (27 damage)
             ... with a splash of acid
             ... on level 4 of the Dungeon.
             The game lasted 00:03:29 (2368 turns).

hawla the Scratcher (Felid Shapeshifter)            Turns: 2368, Time: 00:03:29

Health: -2/25      AC:  3    Str: 12    XL:     5   Next: 36%
Magic:  6/6        EV: 17    Int: 13    God:    Makhleb [*.....]
Gold:   111        SH:  0    Dex: 16    Spells: 4/4 levels left
                                        Lives:  0   Deaths: 2

rFire   + .          .
                       - Unarmed
rCold   . . .        (shield unavailable)
rNeg    . . .        (body armour unavailable)
rPois   .            (helmet unavailable)
rElec   .            (cloak unavailable)
rCorr   .            (gloves unavailable)
SInv    +            (boots unavailable)
Will    .....        (no amulet)
Stlth   +            d - ring of protection from fire
HPRegen 0.24/turn    (no ring)
MPRegen 0.10/turn

%: no passive effects
@: beast-form
A: beast (slay +1), very small, claws 1, fangs 3, see invisible, shaggy fur 1,
stealthy paws, no weapons or thrown items, no armour, multi-lived, iridescent
scales 1
a: Begin Untransformation, Renounce Religion


You were on level 4 of the Dungeon.
You worshipped Makhleb.
Makhleb was aware of your devotion.
You were a hulking beast.
You visited 1 branch of the dungeon, and saw 4 of its levels.

You collected 111 gold pieces.

Inventory:

Jewellery
 d - a ring of protection from fire (left paw)
 m - an amulet of faith
Talismans
 b - a beast talisman
 c - a flux talisman
Wands
 f - a wand of polymorph (10)
Scrolls
 a - a scroll of identify
 j - 2 scrolls of teleportation {unknown}
Potions
 g - a potion of heal wounds {unknown}
 h - a potion of haste {unknown}
 k - a potion of mutation
 l - a potion of attraction {unknown}
 n - a potion of brilliance {unknown}


   Skills:
 - Level 1.3 Fighting
 - Level 3.0 Dodging
 + Level 5.9 Unarmed Combat
 - Level 2.8 Shapeshifting


You had 4 spell levels left.
You didn't know any spells.
Your spell library was empty.

Dungeon Overview and Level Annotations

Branches:
Dungeon (4/15)
 Temple: D:4-7

Altars:
Dithmenos
Makhleb


Innate Abilities, Weirdness & Mutations

You are a hulking beast.
Your limbs bulge with bestial killing power. (Slay +1)
You have sharp claws.
You have razor-sharp teeth.
You have supernaturally acute eyesight. (SInv)
You are covered in fur. (AC +1)
Your paws help you pounce on unaware monsters.
You are incapable of wielding weapons or throwing items.
You cannot wear armour.
You gain extra lives every three experience levels.
You are partially covered in iridescent scales. (AC +2)


Message History

Okay, then.
What level of the Dungeon? (default 4, ? - help)
There is an open door here.
There is a stone staircase leading down here.
You climb downwards.
The jelly quivers.
Found an escape hatch in the ceiling.
Found a stone staircase leading down.
There is a stone staircase leading up here.
There are monsters nearby!
Unknown command.
Blink to where?
Press: ? - help, Dir - move target A black bear comes into view.
As you read the scroll labelled KUWNEZA PUCKISHRO, it crumbles to dust.
It was a scroll of blinking.
The jelly hits you but does no damage.
You claw the jelly! The acid corrodes you!
Your paws burn!
The jelly is heavily wounded.
You completely miss the jelly.
The jelly is heavily wounded.
The black bear bites you! The black bear claws you.
The black bear closely misses you. The jelly barely misses you.
As you read the scroll labelled LARUJI FEIF, it crumbles to dust.
The creatures around you are filled with an inner flame!
It was a scroll of immolation.
The black bear bites you!
You die...
Your shape twists and changes as you die.
The black bear completely misses you. The black bear closely misses you.
The jelly closely misses you.
You rejoin the land of the living...
Aiming: Polymorph
Press: ? - help, Shift-Dir - straight line, f - black bear
Aim: a black bear (inner flame, will become a basilisk, an acid dragon, or an iguana, chance to affect: 49%)
The black bear evaporates and reforms as an acid dragon!
Unknown command.
Okay, then.
You scratch the acid dragon but do no damage.
The acid dragon spits acid at you. The splash of acid hits you!!
Ouch! That really hurt!
You die...

#............
#......######
#......#
###.#### ##.#
##..# #..##
#.## #h# #D#
#J# ... ##
... #
#......# ..
#.####J. #
... #. #. .#
..<.##.
#.###.#


You could see an acid dragon (catching breath), a jelly (inner flame) and an
endoplasm.

Vanquished Creatures
  2 orc priests (D:3)
  Natasha (twice) (D:3)
  A ribbon worm (D:3)
  4 orcs (D:3)
  7 endoplasms
  4 giant cockroaches (D:1)
  5 goblins
  7 hobgoblins
  7 jackals
  3 quokkas
  7 ball pythons
  6 bats
  3 frilled lizards
  3 kobolds
  4 rats
65 creatures vanquished.

Notes
Turn   | Place    | Note
-------+----------+-------------------------------------------
     0 | D:1      | hawla the Felid Shapeshifter began the quest for the Orb.
     0 | D:1      | Reached XP level 1. HP: 10/10 MP: 2/2
    94 | D:1      | Succumbed to a kobold's poison
    94 | D:1      | Lost a life (0 lives remaining)
   136 | D:1      | Reached XP level 2. HP: 14/14 MP: 3/3
   386 | D:1      | Found a faded altar of an unknown god.
   621 | D:1      | Reached XP level 3. HP: 13/18 MP: 4/4
   883 | D:2      | Gained mutation: You are partially covered in iridescent
                  | scales. (AC +2) [potion of mutation]
   904 | D:2      | Found a burning altar of Makhleb.
   926 | D:2      | Became a worshipper of Makhleb the Destroyer
   958 | D:2      | Reached skill level 4 in Unarmed Combat
  1571 | D:3      | Noticed Natasha
  1576 | D:3      | Killed Natasha
  1577 | D:3      | Reached XP level 4. HP: 21/22 MP: 5/5
  1577 | D:3      | Gained a life (1 life remaining)
  1635 | D:3      | Reached skill level 5 in Unarmed Combat
  1637 | D:3      | Reached XP level 5. HP: 19/25 MP: 6/6
  1717 | D:3      | Reached * piety under Makhleb
  2255 | D:3      | Noticed Natasha
  2257 | D:3      | Found a shadowy altar of Dithmenos.
  2259 | D:3      | Killed Natasha
  2352 | D:4      | Noticed a black bear
  2355 | D:4      | Slain by a black bear
  2355 | D:4      | Lost a life (0 lives remaining)
  2365 | D:4      | a black bear changed into an acid dragon
  2365 | D:4      | Noticed an acid dragon
  2368 | D:4      | Killed from afar by an acid dragon

Illustrated notes

Levels and vault maps discovered:
D:1:      dpeg_arrival_stonehenge_12_columns, layout_loops_corners,
          basic_ecumenical_altar, minmay_3d_cube
D:2:      layout_loops_ring, basic_altar
D:3:      layout_basic, nicolae_dithmenos_through_a_glass_darkly, uniq_natasha
D:4:      layout_rooms, minmay_temple_entry_mist, uniq_eustachio, uniq_sigmund

Skill      XL: |  1  2  3  4 |
---------------+-------------+-----
Dodging        | 3 |  3.0
Unarmed Combat | 4 5 |  5.9
Fighting       | |  1.3
Shapeshifting  | |  2.8

Action                     |  1- 3 |  4- 6 || total
---------------------------+-------+-------++-------
  Melee: Unarmed           |   103 |    50 ||   153
         Bite              |    11 |    10 ||    21
         Punch             |     6 |     3 ||     9
  Evoke: Wand              |       |     1 ||     1
    Use: Potion            |     2 |     1 ||     3
         Scroll            |     1 |     2 ||     3
   Stab: Sleeping          |     1 |       ||     1
 Armour: Skin              |    25 |    16 ||    41
  Dodge: Dodged            |    75 |    30 ||   105
